 Dungeon Crawl Stone Soup version 0.31-a0-164-g2312942fda (webtiles) character file.

Game seed: 11203344767547595616

3073 Anon1729 the Cleaver (level 9, -17/72 HPs)
             Began as a Minotaur Monk on June 13, 2023.
             Was a Follower of Uskayaw.
             Demolished by a boulder beetle (23 damage)
             ... on level 7 of the Dungeon.
             The game lasted 00:05:46 (5882 turns).

Anon1729 the Cleaver (Minotaur Monk)                Turns: 5882, Time: 00:05:46

Health: -17/72     AC: 16    Str: 18    XL:     9   Next: 58%
Magic:  9/11       EV: 10    Int:  7    God:    Uskayaw [*.....]
Gold:   381        SH:  0    Dex: 15    Spells: 8/8 levels left

rFire   + . .        v - +0 war axe
rCold   + . .        d - orb {light}
rNeg    . . .        u - +0 storm dragon scales
rPois   .            (helmet restricted)
rElec   +            x - scarf {rC+ rF+}
rCorr   .            (no gloves)
SInv    .            (no boots)
Will    .....        j - amulet of faith Stlth
                     A - +4 ring of protection
HPRegen 0.32/turn    (no ring)
MPRegen 0.12/turn

%: faith
@: glowing, studying Axes
A: horns 2, retaliatory headbutt, frail 1
a: Renounce Religion, Stomp


You were on level 7 of the Dungeon.
You worshipped Uskayaw.
Uskayaw was noncommittal.
You visited 1 branch of the dungeon, and saw 7 of its levels.

You collected 381 gold pieces.

Inventory:

Hand Weapons
 a - a +0 short sword
 h - a +0 vampiric dagger
 k - a +2 short sword of speed
 v - a +0 war axe (weapon)
Armour
 b - a +0 robe
 d - an orb of light (worn)
 p - a +0 chain mail of poison resistance
 u - +0 storm dragon scales (worn)
 x - a scarf of resistance (worn)
Jewellery
 i - a ring of fire
 j - an amulet of faith (around neck)
 A - a +4 ring of protection (left hand)
Wands
 q - a wand of light (10)
 z - a wand of polymorph (9)
Scrolls
 e - 10 scrolls of identify {unknown}
 f - 2 scrolls of vulnerability {unknown}
 g - a scroll of noise {unknown}
 m - 4 scrolls of teleportation {unknown}
 n - a scroll of amnesia {unknown}
 o - a scroll of revelation {unknown}
 r - 2 scrolls of blinking {unknown}
 s - 2 scrolls of fear {unknown}
 t - a scroll of torment {unknown}
 w - a scroll of immolation {unknown}
 y - a scroll of poison {unknown}


   Skills:
 + Level 7.7 Fighting
 - Level 4.2 Short Blades
 * Level 11.8 Axes
 + Level 6.5 Armour
 + Level 6.9 Dodging
 + Level 5.2 Invocations


You had 8 spell levels left.
You didn't know any spells.
Your spell library contained the following spells:

 Spells                   Type           Power      Damage    Failure   Level
 Magic Dart               Conj           0%         1d3       99%         1
 Searing Ray              Conj           0%         2d4       100%        2
 Inner Flame              Hex/Fire       0%         N/A       100%        3
 Vhi's Electric Charge    Tloc/Air       0%         N/A       100%        3
 Flame Wave               Conj/Fire      0%         2d4       100%        4
 Fulminant Prism          Conj/Hex       0%         3d5       100%        4
 Sticky Flame             Conj/Fire      0%         2d3       100%        4
 Arcjolt                  Conj/Air       0%         1d10      100%        5
 Plasma Beam              Fire/Air       0%         2x1d10    100%        6


Dungeon Overview and Level Annotations

Branches:
Dungeon (7/15)             Temple (0/1) D:7

Altars:
Cheibriados
Fedhas
Gozag
Qazlal
Sif Muna
Uskayaw

Shops:
D:5 *


Innate Abilities, Weirdness & Mutations

You have a pair of horns on your head.
You reflexively headbutt those who attack you in melee.
You are frail. (-10% HP)


Message History

Aim: a boulder beetle (lightly wounded, blind, haloed, will become an anaconda, an ice dragon, or a tyrant leech, chance to affect: 31%)
Okay, then.
Unknown command.
A - a +4 ring of protection (left hand)
Aiming: Fastroot
Press: ? - help, Shift-Dir - straight line, f/p - boulder beetle
Aim: a boulder beetle (lightly wounded, blind, haloed)
The roots erupt in riotous growth!
Roots grab the boulder beetle.
The grasping roots constrict the boulder beetle, but do no damage.
The boulder beetle bites you!
* * * LOW HITPOINT WARNING * * *
The grasping roots constrict the boulder beetle.
The boulder beetle struggles to escape constriction.
The grasping roots constrict the boulder beetle, but do no damage.
The roots release their grip on the boulder beetle.
Aiming: Fastroot
Press: ? - help, Shift-Dir - straight line, f/p - boulder beetle
Aim: a boulder beetle (moderately wounded, blind, haloed)
The roots erupt in riotous growth!
Roots grab the boulder beetle.
The now-empty wand crumbles to dust.
The grasping roots constrict the boulder beetle, but do no damage.
The boulder beetle is no longer blind.
The boulder beetle struggles to escape constriction.
The grasping roots constrict the boulder beetle, but do no damage.
The roots release their grip on the boulder beetle.
Okay, then.
The boulder beetle curls into a ball and begins rolling!
Okay, then.
Okay, then.
You aren't carrying any potions.
Okay, then.
Aiming: Bolt of Light
Press: ? - help, Shift-Dir - straight line, f/p - boulder beetle
Aim: a boulder beetle (lightly wounded, rolling, haloed, 100% to hit)
The bolt of light hits the boulder beetle.
The boulder beetle is lightly wounded.
The boulder beetle is blinded.
The boulder beetle hits you!!
You die...

......# #.# #..........######.#.#
#.#...###.###...#.............#.#
.#.#.............#.#.#.#####.##.#
#.#.#.###.##.....#)#.....# #.
.>.#..###.#....#.....#.#.#.# #
#.#.#.....#....#.#.#.#.#.#.#.#
.#.#..#.###....'.......#.#.#.###
#.#.....# #....#.#.#.##........#
......#####....#@#.#.##........#
#.........#....#B#.#.##........#
##........#...(#○#...##........#
##........#....#°######........#
.+........+....#.°.............#
##........#....#######.........##
.'........')......# #.........'.
##........#....##.# #.........##
##........#######.# ##..........


You could see a boulder beetle (rolling, blind).

Vanquished Creatures
  Pikel (D:4)
  Grinder (D:6)
  6 yaks
  A sky beast (D:7)
  2 ice beasts
  A black bear (D:7)
  3 ogres
  2 centaurs (D:7)
  2 lemures
  2 scorpions
  2 howler monkeys
  2 jellies
  6 hounds
  2 orc priests (D:3)
  3 iguanas
  A sleepcap (D:4)
  8 adders
  A shadow imp (D:5)
  A white imp (D:6)
  An ufetubus (D:7)
  4 worms
  2 dart slugs
  6 orcs
  11 endoplasms
  3 giant cockroaches
  12 goblins
  6 hobgoblins
  6 jackals
  7 kobolds
  3 quokkas
  8 ball pythons
  4 bats
  4 frilled lizards
  6 rats
130 creatures vanquished.

Notes
Turn   | Place    | Note
-------+----------+-------------------------------------------
     0 | D:1      | Anon1729 the Minotaur Monk began the quest for the Orb.
     0 | D:1      | Reached XP level 1. HP: 19/19 MP: 0/0
   152 | D:1      | Reached XP level 2. HP: 20/27 MP: 1/1
   263 | D:1      | Reached skill level 1 in Armour
   368 | D:1      | Reached skill level 1 in Invocations
   415 | D:1      | Reached XP level 3. HP: 33/33 MP: 2/2
   937 | D:2      | Reached XP level 4. HP: 40/40 MP: 4/4
  1460 | D:3      | Reached XP level 5. HP: 43/47 MP: 5/5
  2120 | D:4      | Found Zikafidu's Neck Hole.
  2167 | D:4      | Noticed an ogre
  2328 | D:4      | Killed an ogre
  2329 | D:4      | Reached skill level 2 in Axes
  2329 | D:4      | Reached XP level 6. HP: 55/55 MP: 6/6
  2445 | D:4      | Reached skill level 5 in Fighting
  2636 | D:4      | Found a blossoming altar of Fedhas.
  2789 | D:4      | Reached skill level 3 in Axes
  3050 | D:4      | Reached skill level 4 in Axes
  3083 | D:4      | Reached XP level 7. HP: 61/61 MP: 8/8
  3250 | D:5      | Entered Level 5 of the Dungeon
  3252 | D:5      | Noticed Pikel
  3439 | D:4      | Killed Pikel
  3440 | D:4      | Reached skill level 6 in Axes
  3440 | D:4      | Reached skill level 5 in Dodging
  3605 | D:5      | Found an opulent altar of Gozag.
  3613 | D:5      | Reached skill level 7 in Axes
  3613 | D:5      | Reached XP level 8. HP: 70/70 MP: 9/9
  3792 | D:5      | Found Gozag's Platinum Reserve.
  4493 | D:6      | Gained mutation: You are frail. (-10% HP) [potion of
                  | mutation]
  4509 | D:5      | HP: 2/63 [yak (7)]
  4511 | D:5      | Reached skill level 8 in Axes
  4726 | D:5      | Reached skill level 5 in Armour
  4728 | D:5      | Reached skill level 9 in Axes
  4906 | D:6      | Reached skill level 10 in Axes
  4906 | D:6      | Reached XP level 9. HP: 60/70 MP: 11/11
  5029 | D:6      | Noticed Grinder
  5041 | D:6      | Found a faded altar of an unknown god.
  5041 | D:6      | Found a stormy altar of Qazlal.
  5045 | D:6      | Paralysed by Grinder for 5 turns
  5050 | D:6      | Killed Grinder
  5056 | D:6      | Found a faded altar of an unknown god.
  5061 | D:6      | Found a shimmering blue altar of Sif Muna.
  5062 | D:6      | Found a hide-covered altar of Uskayaw.
  5067 | D:6      | Became a worshipper of Uskayaw the Reveller
  5067 | D:6      | Reached * piety under Uskayaw
  5188 | D:6      | Reached ** piety under Uskayaw
  5359 | D:6      | Found a snail-covered altar of Cheibriados.
  5434 | D:6      | Reached *** piety under Uskayaw
  5438 | D:6      | Reached skill level 11 in Axes
  5563 | D:7      | Found a staircase to the Ecumenical Temple.
  5605 | D:7      | Reached skill level 5 in Invocations
  5610 | D:7      | Reached **** piety under Uskayaw
  5846 | D:7      | Noticed a boulder beetle
  5862 | D:7      | HP: 2/72 [boulder beetle (17)]
  5869 | D:7      | HP: 1/72 [boulder beetle (12)]
  5882 | D:7      | Demolished by a boulder beetle

Illustrated notes

Levels and vault maps discovered:
D:1:      evilmike_arrival_grusome_pit, layout_rooms, minmay_tetromino_o2
D:2:      layout_basic, st_stairs_8
D:3:      layout_basic, minmay_cut_off
D:4:      kennysheep_six_static_rooms, layout_cave_pods,
          mainiacjoe_overflow_small_starburst, nicolae_shop_sticking_my_neck_out
D:5:      wad_lake_hut, layout_gridville, nicolae_gozag_zags_fifth_avenue,
          uniq_pikel
D:6:      layout_basic, kennysheep_little_box,
          chequers_temple_overflow_minitemple, chequers_serial_rivers_large_b,
          moated_statue, uniq_grinder
D:7:      layout_basic, minmay_temple_entry_grid

Skill      XL: |  1  2  3  4  5  6  7  8  9 |
---------------+----------------------------+-----
Armour         | 1 2 3 4 5 6 |  6.5
Invocations    | 1 2 3 4 5 |  5.2
Fighting       | 4 5 6 7 |  7.7
Dodging        | 4 5 6 |  6.9
Short Blades   | 4 |  4.2
Axes           | 2 4 7 10 11 | 11.8

Action                     |  1- 3 |  4- 6 |  7- 9 || total
---------------------------+-------+-------+-------++-------
  Melee: Short sword       |    63 |   115 |       ||   178
         Headbutt          |    18 |    30 |    39 ||    87
         Dagger            |     7 |       |       ||     7
         War axe           |       |    29 |   156 ||   185
 Invoke: Line Pass         |       |       |     1 ||     1
  Evoke: Wand              |       |       |     5 ||     5
    Use: Potion            |       |       |     8 ||     8
   Stab: Paralysed         |       |       |     5 ||     5
 Armour: Robe              |    15 |       |       ||    15
         Chain mail        |       |    23 |       ||    23
         Storm dragon scal |       |    19 |   107 ||   126
  Dodge: Dodged            |    39 |    52 |    92 ||   183

Table legend: (Time is in decaauts)
 A = Elapsed time spent in this place.
 B = Non-inter-level travel time spent in this place.
 C = Inter-level travel time spent in this place.
 D = Time resting spent in this place.
 E = Time spent auto-exploring this place.
 F = Levels seen in this place.
 G = Mean time per level.
                   A        B        C        D        E       F      G
               +--------+--------+--------+--------+--------+-----+--------+
         Total |   5900 |   5644 |    256 |    772 |   3968 |   7 |  842.9 |
       Dungeon |   5900 |   5644 |    256 |    772 |   3968 |   7 |  842.9 |
               +--------+--------+--------+--------+--------+-----+--------+

Top non-repeatable levels by time:
     D:5: 1296 daAuts
     D:4: 1249 daAuts
     D:3: 1058 daAuts
     D:6: 770 daAuts
     D:2: 617 daAuts
     D:1: 564 daAuts
     D:7: 342 daAuts
